 Dungeon Crawl Stone Soup version 0.16-a0-4048-g245e628 (console) character file.

64 mauris the Conjurer (level 3, -4/21 HPs)
             Began as a High Elf Wizard on Feb 19, 2015.
             Shot with a stone by a goblin (5 damage)
             ... led by Robin
             ... on level 3 of the Dungeon.
             The game lasted 00:06:18 (2726 turns).

mauris the Conjurer (High Elf Wizard)               Turns: 2726, Time: 00:06:19

Health: -4/21      AC:  4    Str:  6    XL:     3   Next: 91%
Magic:  5/10       EV: 12    Int: 22    God:
Gold:   122        SH:  0    Dex: 14    Spells: 3 memorised, 4 levels left

rFire  . . .     SeeInvis .     (no weapon)
rCold  . . .     Clarity  .     a - +0 robe
rNeg   . . .     SustAb   .     (no shield)
rPois  .         Gourm    .     b - +0 hat
rElec  .         Spirit   .     m - +1 cloak
rCorr  .         Warding  .     (no gloves)
rMut   .         Stasis   .     (no boots)
MR     .....                    (no amulet)
Stlth  ++........               (no ring)
                                (no ring)

@: not resistant to hostile enchantments, unstealthy
A: no striking features
a: no special abilities


You were on level 3 of the Dungeon.
You were not hungry.

You visited 1 branch of the dungeon, and saw 3 of its levels.

You collected 122 gold pieces.

Inventory:

Missiles
 j - 25 stones (quivered)
Armour
 a - a +0 robe (worn)
 b - a +0 hat (worn)
 m - a +1 cloak (worn)
Jewellery
 f - a +6 ring of slaying {unknown}
Scrolls
 h - a scroll of immolation {unknown}
 k - a scroll of fog {unknown}
 l - a scroll of teleportation {unknown}
 n - 2 scrolls of identify {unknown}
 p - a scroll of remove curse {unknown}
Potions
 e - 2 potions of ambrosia {unknown}
 g - a potion of haste {unknown}
 o - a potion of cancellation {unknown}
 q - a potion of lignification {unknown}
 r - a potion of might {unknown}
Books
 c - a book of Minor Magic

   Spells                             Type                      Level
   a - Magic Dart                     Conjuration                  1
   b - Blink                          Translocation                2
   c - Call Imp                       Summoning                    2
   d - Repel Missiles                 Charms/Air                   2
   e - Slow                           Hexes                        2
   f - Conjure Flame                  Conjuration/Fire             3
   g - Mephitic Cloud                 Conjuration/Poison/Air       3
Comestibles
 d - 2 bread rations
 i - a beef jerky


   Skills:
 - Level 2.1 Dodging
 - Level 2.1 Stealth
 - Level 3.6 Spellcasting
 + Level 4.2 Conjurations
   Level 0.8 Summonings
 - Level 1.1 Translocations


You had 4 spell levels left.
You knew the following spells:

 Your Spells              Type           Power        Failure   Level  Hunger
a - Magic Dart            Conj           ###.         1%          1    None
b - Blink                 Tloc           N/A          12%         2    ##.....
r - Repel Missiles        Chrm/Air       #.....       21%         2    ##.....


Dungeon Overview and Level Annotations

Branches:
Dungeon (3/15)

Altars:
Makhleb
The Shining One

Portals:
Sewer: D:3

Annotations:
D:3 Robin


Message History

* * * LOW HITPOINT WARNING * * *
Things that are here:
a stone; a dagger; Huge Dmg: -23%(-5hp) hp: 20%(4hp) Robin throws the goblin at you!
The goblin unwields an uncursed hunting sling.
The goblin hits you.
* * * LOW HITPOINT WARNING * * *
Huge Dmg: -5%(-1hp) hp: 15%(3hp)
The goblin wields an uncursed hunting sling.
The goblin shoots a stone.
The stone barely misses you.
You see here a stone.
The goblin shoots a stone.
The stone hits you.
* * * LOW HITPOINT WARNING * * *
Huge Dmg: -15%(-3hp) hp: 5%(1hp)
The goblin shoots a stone.
The stone barely misses you.
There is a stone staircase leading up here.
You see here a stone.
Unknown command.
The goblin shoots a stone.
The stone hits you.
You die... ..g gg.

### ..# # #e# # #g#.r
#########.## #.#g#g
#.........(# .#..
...........# ..#
#...........###########.#
#...........#(.(....(gl.#
............##g########....
#.........g#.....########.
#......##....g##..%.......


You could see a goblin.

Vanquished Creatures
  An adder (D:2)
  A worm (D:2)
  A giant gecko (D:1)
  A ball python (D:1)
  3 giant cockroaches
  10 hobgoblins
  3 quokkas
  3 bats
  3 giant newts
  7 goblins
  6 jackals (D:1)
  A kobold (D:1)
  7 rats
47 creatures vanquished.

Vanquished Creatures (others)
  A goblin (D:3)
1 creature vanquished.

Grand Total: 48 creatures vanquished

Notes
Turn   | Place    | Note
--------------------------------------------------------------
     0 | D:1      | mauris, the High Elf Wizard, began the quest for the Orb.
     0 | D:1      | Reached XP level 1. HP: 11/11 MP: 5/5
    12 | D:1      | Huge Dmg: 4 Dmg
   203 | D:1      | Huge Dmg: 5 Dmg
   205 | D:1      | Huge Dmg: 4 Dmg
   210 | D:1      | Huge Dmg: 1 Dmg
   224 | D:1      | whewwwwwww
   614 | D:1      | Reached XP level 2. HP: 17/17 MP: 5/7
   673 | D:1      | Huge Dmg: 5 Dmg
   792 | D:1      | Learned a level 2 spell: Blink
   795 | D:1      | Learned a level 2 spell: Repel Missiles
  1407 | D:1      | Huge Dmg: 4 Dmg
  1744 | D:1      | Reached XP level 3. HP: 21/21 MP: 7/10
  2279 | D:2      | Found a glowing golden altar of the Shining One.
  2280 | D:2      | Found a burning altar of Makhleb.
  2396 | D:2      | Reached skill level 4 in Conjurations
  2474 | D:3      | Found a glowing drain.
  2534 | D:3      | Noticed Robin
  2536 | D:3      | help
  2561 | D:2      | Huge Dmg: 5 Dmg
  2706 | D:3      | Huge Dmg: 5 Dmg
  2715 | D:3      | Huge Dmg: 5 Dmg
  2716 | D:3      | Huge Dmg: 1 Dmg
  2724 | D:3      | HP: 1/21 [goblin/stone[Robin] (3)]
  2725 | D:3      | Huge Dmg: 3 Dmg
  2726 | D:3      | Shot with a stone by a goblin

Action                   || total
-------------------------++-------
Melee: Unarmed           ||    13
 Cast: Magic Dart        ||   121
  Eat: Chunk             ||     5

Vault maps used:
D:1:      onia_arrival_larder, roderic_lattice_a, dk_noncrumbling_3
D:2:      nicolae_overflow_hidden_temple
D:3:      gup_sewer_entry_glass, st_stairs_3, uniq_terence, uniq_natasha,
          uniq_robin
